 Dungeon Crawl Stone Soup version 0.31-a0-963-ga325b2283a (webtiles) character file.

Game seed: 4340464432501857815

7 avis the Caller (level 1, 7/7 HPs)
             Began as a Felid Summoner on Oct 25, 2023.
             Got out of the dungeon alive.
             The game lasted 00:01:54 (289 turns).

avis the Caller (Felid Summoner)                     Turns: 289, Time: 00:01:55

Health: 7/7        AC:  1    Str:  4    XL:     1   Next: 91%
Magic:  4/4        EV: 17    Int: 16    God:
Gold:   30         SH:  0    Dex: 16    Spells: 3/4 levels left
                                        Lives:  0   Deaths: 1

rFire   . . .        (weapon unavailable)
rCold   . . .        (shield unavailable)
rNeg    . . .        (body armour unavailable)
rPois   .            (helmet unavailable)
rElec   .            (cloak unavailable)
rCorr   .            (gloves unavailable)
SInv    +            (boots unavailable)
Will    .....        (no amulet)
Stlth   ++           (no ring)
HPRegen 0.21/turn    (no ring)
MPRegen 0.09/turn

%: no passive effects
@: quick
A: very small, claws 1, fangs 3, see invisible, speed 1, shaggy fur 1, stealthy
paws, no weapons or thrown items, no armour, multi-lived
a: no special abilities


You escaped.
You visited 1 branch of the dungeon, and saw 1 of its levels.

You collected 30 gold pieces.

Inventory:

Potions
 a - a potion of magic
 b - a potion of haste {unknown}


   Skills:
 - Level 2.6 Dodging
 - Level 2.6 Stealth
 * Level 2.4 Spellcasting
 + Level 4.1 Summonings


You had 3 spell levels left.
You knew the following spells:

 Your Spells              Type           Power      Damage    Failure   Level
a - Summon Small Mammal   Summ           60%        N/A       3%          1

Your spell library contained the following spells:

 Spells                   Type           Power      Damage    Failure   Level
 Call Imp                 Summ           30%        N/A       5%          2
 Call Canine Familiar     Summ           15%        N/A       11%         3
 Summon Guardian Golem    Hex/Summ       8%         N/A       26%         3
 Summon Lightning Spire   Summ/Air       8%         N/A       63%         4


Dungeon Overview and Level Annotations

Branches:
Dungeon (1/15)

Altars:


Innate Abilities, Weirdness & Mutations

You have sharp claws.
You have razor-sharp teeth.
You have supernaturally acute eyesight. (SInv)
You cover ground quickly. (Speed+)
You are covered in fur. (AC +1)
Your paws help you pounce on unaware monsters.
You are incapable of wielding weapons or throwing items.
You cannot wear armour.
You gain extra lives every three experience levels.


Message History

The goblin dies!
Your quokka barely misses the giant cockroach.
What are your orders? t - Meow!
Orders for allies: a - Attack new target. r - Retreat! s - Stop attacking. g - Guard the area. f - Follow me.
Anything else - Cancel.
Gang up on whom?
Press: ? - help, Dir - move target, f - giant cockroach
Aim: a giant cockroach (ally target) Attack!
The giant cockroach barely misses your quokka.
Your quokka closely misses the giant cockroach.
The giant cockroach barely misses your quokka.
Your quokka bites the giant cockroach.
The giant cockroach misses your quokka.
You scratch the hobgoblin.
The hobgoblin is lightly wounded.
Your quokka bites the giant cockroach.
The hobgoblin barely misses you. The giant cockroach misses your quokka.
You scratch the hobgoblin but do no damage.
The hobgoblin is lightly wounded.
The giant cockroach closely misses your quokka.
The hobgoblin hits you.
Ouch! That really hurt!
You scratch the hobgoblin.
The hobgoblin is moderately wounded.
Your bat hits the giant cockroach but does no damage.
Your quokka barely misses the giant cockroach.
The giant cockroach misses your bat. The hobgoblin barely misses you.
Your quokka closely misses the giant cockroach.
You swap places.
Your quokka disappears in a puff of smoke!
The hobgoblin hits you.
Ouch! That really hurt!
You die...
You rejoin the land of the living...
Found two stone staircases leading down.
There is a staircase leading out of the dungeon here.
You have escaped! #.# ##.. #.# #... #.#####... #.#....... #.#.####.. #.#.# ### #################.###### PPPPPPPPPPPPPPP......... .......@..........####.# PPPPPPPPPPPPPPP.#.#

#.#
#################.#
#.# #.# #.#
###.####.#
#.........
#.........
#.........
#....#######


There were no monsters in sight!

Vanquished Creatures (collateral kills)
  A goblin (D:1)
  A quokka (D:1)
  3 ball pythons (D:1)
  2 rats (D:1)
7 creatures vanquished.

Notes
Turn   | Place    | Note
-------+----------+-------------------------------------------
     0 | D:1      | avis the Felid Summoner began the quest for the Orb.
     0 | D:1      | Reached XP level 1. HP: 7/7 MP: 4/4
   248 | D:1      | Slain by a hobgoblin
   289 | D:$      | Got out of the dungeon alive.

Illustrated notes

Levels and vault maps discovered:
D:1:      eino_arrival_tree_alley, layout_loops_ring,
          shapermc_ecumenical_altar_mp_vishouse

Action                     || total
---------------------------++-------
  Melee: Unarmed           ||     3
   Cast: Summon Small Mamm ||     7
 Armour: Skin              ||     2
  Dodge: Dodged            ||     2

Table legend: (Time is in decaauts)
 A = Elapsed time spent in this place.
 B = Non-inter-level travel time spent in this place.
 C = Inter-level travel time spent in this place.
 D = Time resting spent in this place.
 E = Time spent auto-exploring this place.
 F = Levels seen in this place.
 G = Mean time per level.
                   A        B        C        D        E       F      G
               +--------+--------+--------+--------+--------+-----+--------+
         Total |    245 |    225 |     20 |      0 |    165 |   1 |  245.0 |
       Dungeon |    245 |    225 |     20 |      0 |    165 |   1 |  245.0 |
               +--------+--------+--------+--------+--------+-----+--------+

Top non-repeatable levels by time:
     D:1: 245 daAuts
